 Dungeon Crawl Stone Soup version 0.31-a0-986-g5e6e4ef867 (webtiles) character file.

Game seed: 18389724654391525931

18 demibob the Poker (level 2, -1/18 HPs)
             Began as a Deep Elf Chaos Knight on Nov 19, 2023.
             Was a Plaything of Xom.
             Slain by a worm (13 damage)
             ... on level 2 of the Dungeon.
             The game lasted 00:00:51 (912 turns).

demibob the Poker (Deep Elf Chaos Knight)            Turns: 912, Time: 00:00:52

Health: -1/18      AC:  5    Str:  9    XL:     2   Next: 51%
Magic:  4/4        EV: 12    Int: 16    God:    Xom [..*...]
Gold:   45         SH:  0    Dex: 14    Spells: 1/1 levels left

rFire   . . .        a - +0 spear (chaos)
rCold   . . .        (no shield)
rNeg    . . .        b - +2 leather armour
rPois   .            (no helmet)
rElec   .            (no cloak)
rCorr   .            (no gloves)
SInv    .            (no boots)
Will    .....        (no amulet)
Stlth   +            (no ring)
HPRegen 0.23/turn    (no ring)
MPRegen 0.09/turn

%: no passive effects
@: no status effects
A: no striking features
a: Renounce Religion


You were on level 2 of the Dungeon.
You worshipped Xom.
You were a toy of Xom.
You visited 1 branch of the dungeon, and saw 2 of its levels.

You collected 45 gold pieces.


   Skills:
 - Level 2.4 Fighting
 + Level 2.9 Polearms
 - Level 0.7 Armour
 - Level 2.4 Dodging


You had one spell level left.
You didn't know any spells.
Your spell library contained the following spells:

 Spells                   Type           Power      Damage    Failure   Level
 Poisonous Vapours        Pois/Air       0%         N/A       45%         2
 Mephitic Cloud           Conj/Pois/Air  0%         N/A       71%         3
 Tukima's Dance           Hex            0%         N/A       71%         3
 Dimensional Bullseye     Hex/Tloc       0%         N/A       98%         4
 Iskenderun's Mystic Bla  Conj/Tloc      0%         2d3       98%         4
 Freezing Cloud           Conj/Ice/Air   0%         6-21      100%        5

Inventory:

Hand Weapons
 a - a +0 spear of chaos (weapon)
Armour
 b - a +2 leather armour (worn)
Jewellery
 v - a ring of see invisible
Scrolls
 c - a scroll of butterflies
 d - a scroll of identify {@r1}
 e - a scroll of poison {unknown}
Potions
 f - 2 potions of curing {@q1}

Dungeon Overview and Level Annotations

Branches:
Dungeon (2/15)

Altars:

..#### # +.##.# *
##., , #..... ##.. *
#.##.# ,, !.#,,* ,
#.##.# ,,,..#, ,,
#.##.# **#.#. *
#..#.# *
#w#..#######....#
#@#.#.....#..##.#
#.##....†#..###.#
##.#######..####.# *
##.!........###.#.#
*#.........####....#
+.........+.......#
#...<.....####...##
##.......## ##..#
##.....## ##.#


You could see a worm (strong, poisoned).


Message History

A jackal comes into view.
The jackal moves out of view.
You hit the worm.
The worm is poisoned.
The worm is lightly wounded.
You hit the worm but do no damage.
The worm is lightly wounded.
The worm closely misses you.
You hit the worm but do no damage.
The worm is lightly wounded.
The worm bites you.
You hit the worm.
The worm is lightly wounded.
You barely miss the worm.
The worm is lightly wounded.
The worm barely misses you.
You hit the worm. You burn the worm.
The worm is heavily wounded. "See what I see, my child!"
You feel aware of your surroundings.
You barely miss the worm.
The worm is heavily wounded.
The worm bites you.
You hit the worm but do no damage.
The worm is heavily wounded.
You hit the worm.
The worm seems to grow stronger.
Xom is mildly amused.
The worm is heavily wounded.
The worm bites you!
Ouch! That really hurt!
You die...

Action                     || total
---------------------------++-------
  Melee: Spear             ||    66
    Use: Scroll            ||     3
   Stab: Sleeping          ||     1
         Petrifying        ||     2
 Armour: Leather armour    ||    20
  Dodge: Dodged            ||    21

Levels and vault maps discovered:
D:1:      lemuel_arrival_lava_pool, layout_loops_ring
D:2:      layout_loops_corners, mrwooster_statue_mirror, minmay_3d_cube

Notes
Turn   | Place    | Note
-------+----------+-------------------------------------------
     0 | D:1      | demibob the Deep Elf Chaos Knight began the quest for the
                  | Orb.
     0 | D:1      | Reached XP level 1. HP: 13/13 MP: 3/3
    31 | D:1      | XOM: silly message
   269 | D:1      | Reached XP level 2. HP: 11/18 MP: 4/4
   407 | D:1      | XOM: silly message
   909 | D:2      | XOM: divination: magic mapping
   912 | D:2      | Slain by a worm

Vanquished Creatures
  A dart slug (D:1)
  2 endoplasms (D:1)
  2 goblins (D:1)
  A hobgoblin (D:2)
  3 kobolds (D:1)
  2 ball pythons (D:1)
  2 bats (D:1)
  2 frilled lizards (D:1)
  3 rats
18 creatures vanquished.

Table legend: (Time is in decaauts)
 A = Elapsed time spent in this place.
 B = Non-inter-level travel time spent in this place.
 C = Inter-level travel time spent in this place.
 D = Time resting spent in this place.
 E = Time spent auto-exploring this place.
 F = Levels seen in this place.
 G = Mean time per level.
                   A        B        C        D        E       F      G
               +--------+--------+--------+--------+--------+-----+--------+
         Total |    909 |    887 |     22 |      0 |    749 |   2 |  454.5 |
       Dungeon |    909 |    887 |     22 |      0 |    749 |   2 |  454.5 |
               +--------+--------+--------+--------+--------+-----+--------+

Top non-repeatable levels by time:
     D:1: 844 daAuts
     D:2: 65 daAuts

Table legend:
 A = Non-vault XP
 B = Vault XP
 C = Vault XP percentage of total XP
 D = Non-vault monster count
 E = Vault monster count
 F = Vault count percentage of total count
                 A         B        C        D         E       F
            +---------+---------+-------+---------+---------+-------
      Total |      24 |       3 |  11.1 |      16 |       2 |  11.1
            +---------+---------+-------+---------+---------+-------
        D:1 |      24 |       0 |   0.0 |      16 |       0 |   0.0
        D:2 |       0 |       3 | 100.0 |       0 |       2 | 100.0
            +---------+---------+-------+---------+---------+-------
